 Dungeon Crawl Stone Soup version 0.31-a0-774-g0d66cbabe8 (webtiles) character file.

Game seed: 6988703569604314093

6622 DocEon the Thaumaturge (level 10, -3/50 HPs)
             Began as a Deep Elf Fire Elementalist on Sept 18, 2023.
             Was a Believer of Vehumet.
             Slain by a centaur warrior (4 damage)
             ... on level 10 of the Dungeon.
             The game lasted 00:22:42 (12437 turns).

DocEon the Thaumaturge (DEFE)                      Turns: 12437, Time: 00:22:42

Health: -3/50      AC:  9    Str:  5    XL:     10   Next: 72%
Magic:  18/28      EV: 15    Int: 25    God:    Vehumet [**....]
Gold:   532        SH:  0    Dex: 15    Spells: 16/34 levels left

rFire   . . .        E - +4 quarterstaff (chaos)
rCold   . . .        (shield currently unavailable)
rNeg    . . .        H - +0 steam dragon scales
rPois   .            w - +1 helmet
rElec   .            F - scarf {repulsion}
rCorr   .            y - +0 pair of gloves
SInv    +            o - +0 pair of boots {Fly}
Will    +....        (no amulet)
Stlth   +++          c - ring of see invisible
HPRegen 0.28/turn    (no ring)
MPRegen 0.21/turn

%: repel missiles
@: flying
A: no striking features
a: Renounce Religion


You were on level 10 of the Dungeon.
You worshipped Vehumet.
Vehumet was pleased with you.
You visited 2 branches of the dungeon, and saw 11 of its levels.
You also visited: Sewer and Bailey.

You collected 595 gold pieces.
You spent 63 gold pieces at shops.

Inventory:

Hand Weapons
 f - a +0 short sword of flaming
 E - a +4 quarterstaff of chaos (weapon)
Armour
 a - a +1 robe
 h - the +2 ring mail "Oblimnyh" {rPois rN+++ Slay-2 Stlth+}
   (You found it on level 2 of the Dungeon)

   Slay-2:    It affects your accuracy & damage with ranged weapons and melee
   (-2).
   rPois:     It protects you from poison rN+++: It renders you almost immune to
   negative energy.
   Stlth+:    It makes you more stealthy.
 o - a +0 pair of boots of flying (worn)
 w - a +1 helmet (worn)
 y - a +0 pair of gloves (worn)
 D - a +0 cloak
 F - a scarf of repulsion (worn)
 H - +0 steam dragon scales (worn)
Jewellery
 c - a ring of see invisible (left hand)
Wands
 d - a wand of quicksilver (23)
 u - a wand of charming (9)
 C - a wand of roots (34)
 G - a wand of polymorph (14)
Scrolls
 e - a scroll of torment
 n - 4 scrolls of teleportation
 p - 3 scrolls of vulnerability
 s - 2 scrolls of fog
 z - a scroll of enchant armour
 A - 2 scrolls of immolation
 B - a scroll of poison
Potions
 b - 2 potions of magic
 g - 3 potions of attraction
 i - a potion of mutation
 j - 4 potions of heal wounds
 k - 6 potions of curing
 l - a potion of brilliance {unknown}
 m - a potion of lignification {unknown}
 q - a potion of invisibility {unknown}
 r - 2 potions of cancellation {unknown}
 t - a potion of ambrosia {unknown}
 v - a potion of haste {unknown}
 x - a potion of berserk rage {unknown}
 I - a potion of resistance {unknown}


   Skills:
 + Level 6.8 Dodging
 - Level 5.0 Stealth
 * Level 12.7 Spellcasting
 * Level 10.2 Conjurations
 - Level 3.0 Translocations
 + Level 8.0 Fire Magic


You had 16 spell levels left.
You knew the following spells:

 Your Spells              Type           Power      Damage    Failure   Level
a - Foxfire               Conj/Fire      100%       2x1d9     1%          1
b - Scorch                Fire           100%       2d9       1%          2
c - Volatile Blastmotes   Fire/Tloc      86%        2d17      1%          3
d - Iskenderun's Mystic   Conj/Tloc      49%        2d11      2%          4
e - Flame Wave            Conj/Fire      57%        2d14      1%          4
f - Sticky Flame          Conj/Fire      57%        2d7       1%          4

Your spell library contained the following spells:

 Spells                   Type           Power      Damage    Failure   Level
 Ignite Poison            Fire/Tmut/Pois 29%        N/A       3%          3
 Inner Flame              Hex/Fire       36%        N/A       2%          3
 Fulminant Prism          Conj/Hex       20%        3d12      4%          4
 Wereblood                Tmut           15%        N/A       5%          2
 Manifold Assault         Tloc           30%        N/A       11%         4
 Irradiate                Conj/Tmut      20%        3d18      13%         5
 Summon Lightning Spire   Summ/Air       15%        N/A       36%         4
 Conjure Ball Lightning   Conj/Air       20%        3x3d6     56%         6
 Dispersal                Tloc           15%        N/A       86%         6
 Disjunction              Tloc           15%        N/A       100%        8


Dungeon Overview and Level Annotations

Branches:
Dungeon (10/15)            Temple (1/1) D:6            Lair (0/5) D:10
    Orc (0/2) D:9           Sewer (visited)          Bailey (visited)

Altars:
Ashenzari
Cheibriados
Dithmenos
Elyvilon
Fedhas
Gozag
Hepliaklqana
Kikubaaqudgha
Makhleb
Nemelex Xobeh
Okawaru
Qazlal
Ru
Sif Muna
Trog
Uskayaw
Vehumet
Wu Jian
Xom
Yredelemnul
Zin
The Shining One

Shops:
D:1 *:[   D:2 =   D:4 :((   D:7 (

Annotations:
D:9 1 runed translucent door


Message History

Casting: Sticky Flame (dangerous; 1% risk of failure)
Confirm with . or Enter, or press ? or * to list all spells.
Aiming: Sticky Flame (dangerous; 1% risk of failure)
Press: ? - help, Shift-Dir - straight line, f/p - centaur warrior
Aim: a centaur warrior, wearing a ring of protection from fire (lightly wounded, covered in liquid flames, ally target)
Okay, then.
Casting: Sticky Flame (dangerous; 1% risk of failure)
Confirm with . or Enter, or press ? or * to list all spells.
Casting: Flame Wave (dangerous; 1% risk of failure)
Press: ? - help, Dir - look around, f - activate A wave of flame ripples out!
The flame wave engulfs the centaur warrior.
The centaur warrior resists.
The centaur warrior is lightly wounded.
The flame wave engulfs your foxfire.
Your foxfire completely resists.
The flame wave engulfs the unseen horror.
The unseen horror is lightly wounded. (Press . to intensify the flame waves.)
You hear a shout!
The centaur warrior burns!
The unseen horror barely misses you. The unseen horror hits you.
The centaur warrior hits you but does no damage.
The centaur warrior kicks you. The unseen horror hits you!
* * * LOW HITPOINT WARNING * * *
A wave of flame ripples out!
The flame wave engulfs the centaur warrior!
The centaur warrior resists.
The centaur warrior is heavily wounded.
The flame wave engulfs your foxfire.
Your foxfire completely resists.
The flame wave engulfs the unseen horror!
The unseen horror is heavily wounded.
The centaur warrior burns!
The unseen horror completely misses you.
The centaur warrior hits you!
* * * LOW HITPOINT WARNING * * *
The centaur warrior kicks you but does no damage.
The centaur warrior closely misses you. The centaur warrior kicks you.
You die...

##### ...#
...# # #.x#.#
.# #c...# #..
#######@## ...
#.#
#<.....v.## #
#.#
#..####....§vT
# #.#
#.......######
#
#.##+##.####.#
### #.......#
### ...
#.....### ###
#.....#
.####.....#


You could see a centaur warrior (burning, ally target) and an unseen horror
(invisible).

Vanquished Creatures
  A troll (D:10)
  A hornet (D:9)
  A shadow (D:10)
  A wyvern (D:7)
  10 yaks
  2 steam dragons (D:8)
  An acid dragon (D:9)
  A water moccasin (D:8)
  A black bear (D:5)
  An ice beast (D:7)
  2 ogres (D:6)
  8 orc warriors
  The ghost of cforsyth the Sneak, an amateur DjDe (D:4)
  3 centaurs
  2 phantoms
  4 kobold brigands
  2 bullfrogs
  10 scorpions
  10 killer bees
  2 howler monkeys
  3 hounds
  Crazy Yiuf (D:6)
  3 orc priests
  A jelly (D:6)
  Jessica (D:2)
  3 iguanas
  Ijyb (D:4)
  A hell rat (Sewer)
  Natasha (thrice) (D:2)
  6 orc wizards
  3 gnolls (D:2)
  2 river rats (Sewer)
  4 adders
  A shadow imp (D:7)
  A white imp (D:6)
  An ufetubus (D:5)
  6 worms
  2 dart slugs (D:2)
  40 orcs
  6 ball pythons
  4 bats
  5 endoplasms
  6 giant cockroaches
  11 goblins
  7 hobgoblins
  2 jackals (D:1)
  8 quokkas
  5 frilled lizards
  A goblin zombie (D:6)
  3 hobgoblin zombies (D:6)
  22 kobolds
  2 kobold skeletons (D:6)
  2 kobold zombies (D:6)
  10 rats
  2 butterflies (D:9)
243 creatures vanquished.

Vanquished Creatures (collateral kills)
  A foxfire (D:10)
1 creature vanquished.

Vanquished Creatures (others)
  817 foxfires
817 creatures vanquished.

Grand Total: 1061 creatures vanquished

Notes
Turn   | Place    | Note
-------+----------+-------------------------------------------
     0 | D:1      | DocEon the Deep Elf Fire Elementalist began the quest for
                  | the Orb.
     0 | D:1      | Reached XP level 1. HP: 10/10 MP: 6/6
    24 | D:1      | Found Odeud's Book Shop.
   162 | D:1      | Found Fathru Zongapp's Antique Armour Boutique.
   396 | D:1      | Found Cozyucw's Assorted Antiques.
   403 | D:1      | Reached XP level 2. HP: 15/15 MP: 3/8
   408 | D:1      | Learned a level 2 spell: Scorch
   411 | D:1      | Bought a scroll labelled ETUONY CUMIEJ for 22 gold pieces
   789 | D:1      | Bought a scroll labelled FUTWITZOISS for 22 gold pieces
  1007 | D:1      | Reached skill level 4 in Spellcasting
  1356 | D:2      | Found a faded altar of an unknown god.
  1360 | D:2      | Reached XP level 3. HP: 19/19 MP: 6/10
  1490 | D:2      | Noticed Natasha
  1495 | D:2      | Killed Natasha
  1576 | D:2      | Found Zemegasch's Jewellery Shoppe.
  1580 | D:2      | Reached XP level 4. HP: 24/24 MP: 8/12
  1761 | D:2      | Identified the +2 ring mail "Oblimnyh" {rPois rN+++ Slay-2
                  | Stlth+}
  1844 | D:2      | Noticed Natasha
  1849 | D:2      | Killed Natasha
  1850 | D:2      | Reached skill level 5 in Spellcasting
  1857 | D:2      | Learned a level 3 spell: Volatile Blastmotes
  1862 | D:2      | Learned a level 4 spell: Iskenderun's Mystic Blast
  1965 | D:2      | Reached XP level 5. HP: 18/28 MP: 0/14
  2183 | D:2      | Noticed Jessica
  2187 | D:2      | Killed Jessica
  2205 | D:2      | Noticed Natasha
  2209 | D:2      | Killed Natasha
  2550 | D:3      | You fall into a shaft and drop 2 floors!
  2550 | D:5      | Entered Level 5 of the Dungeon
  2599 | D:5      | Noticed a phantom
  2607 | D:5      | Killed a phantom
  2608 | D:5      | Reached skill level 6 in Spellcasting
  2608 | D:5      | Reached XP level 6. HP: 32/32 MP: 3/17
  2634 | D:4      | Got sooty book
  2683 | D:4      | Found a runed translucent door.
  2684 | D:4      | Noticed cforsyth's ghost (amateur DjDe)
  2910 | D:3      | Found a glowing drain.
  2932 | Sewer    | Entered a sewer
  3402 | D:3      | Found a blossoming altar of Fedhas.
  3402 | D:3      | Found an iron altar of Okawaru.
  3534 | D:1      | Bought a murky ruby potion for 19 gold pieces
  3635 | D:4      | Noticed Ijyb
  3642 | D:4      | Killed Ijyb
  3873 | D:4      | Found Amaph's Weapon Emporium.
  4151 | D:4      | Found Liustry's Weapon Emporium.
  4439 | D:4      | Found Wanky's Tremendous Tomes.
  4498 | D:4      | Killed cforsyth's ghost
  4499 | D:4      | Reached skill level 7 in Spellcasting
  4499 | D:4      | Reached skill level 5 in Fire Magic
  4499 | D:4      | Reached XP level 7. HP: 9/36 MP: 0/19
  4701 | D:5      | Learned a level 4 spell: Flame Wave
  4719 | D:5      | Reached skill level 5 in Conjurations
  5261 | D:5      | Found a burning altar of Makhleb.
  5261 | D:5      | Noticed a cacodemon
  5336 | D:5      | Noticed an orange demon
  5336 | D:5      | Noticed a hellwing
  5773 | D:5      | Reached skill level 8 in Spellcasting
  5898 | D:6      | Found a glowing golden altar of the Shining One.
  6070 | D:6      | Reached XP level 8. HP: 41/41 MP: 17/22
  6252 | D:6      | Reached skill level 1 in Translocations
  6277 | D:6      | Found a snail-covered altar of Cheibriados.
  6387 | D:6      | Learned a level 4 spell: Sticky Flame
  6464 | D:6      | Found a runed translucent door.
  6465 | D:6      | Noticed Crazy Yiuf
  6512 | D:6      | Found a staircase to the Ecumenical Temple.
  6649 | Temple   | Found a transporter.
  6649 | Temple   | Found a transporter.
  6649 | Temple   | Found a transporter.
  6649 | Temple   | Found a transporter.
  6649 | Temple   | Entered the Ecumenical Temple
  6666 | Temple   | Became a worshipper of Vehumet
  6742 | D:6      | Killed Crazy Yiuf
  6866 | D:7      | Reached skill level 9 in Spellcasting
  7041 | D:6      | Reached skill level 5 in Stealth
  7044 | D:6      | Reached XP level 9. HP: 45/45 MP: 8/24
  7615 | D:7      | Found Qafisui's Antique Weapon Shoppe.
  7751 | D:7      | Reached skill level 10 in Spellcasting
  8060 | D:7      | Found a stormy altar of Qazlal.
  8061 | D:7      | Found a basalt altar of Yredelemnul.
  8076 | D:7      | Reached * piety under Vehumet
  8076 | D:7      | Offered knowledge of Kiss of Death by Vehumet.
  8892 | D:8      | Reached skill level 5 in Dodging
  9566 | D:8      | Reached skill level 11 in Spellcasting
  9839 | D:9      | Found a flagged portal.
  9880 | Bailey   | Entered a bailey
 10403 | Bailey   | Reached XP level 10. HP: 50/50 MP: 15/27
 10762 | D:9      | Reached ** piety under Vehumet
 10762 | D:9      | Offered knowledge of Freeze by Vehumet.
 11012 | D:9      | Found a runed translucent door.
 11014 | D:9      | Found a runed translucent door.
 11589 | D:9      | Found a staircase to the Orcish Mines.
 11668 | D:9      | Reached skill level 12 in Spellcasting
 12128 | D:10     | Entered Level 10 of the Dungeon
 12134 | D:10     | Identified the +3 kite shield of Zaxe {rPois rF- Dex+5}
 12140 | D:10     | Offered knowledge of Ignite Poison by Vehumet.
 12143 | D:10     | Reached skill level 10 in Conjurations
 12308 | D:10     | Found a staircase to the Lair.
 12432 | D:10     | Noticed a centaur warrior
 12437 | D:10     | HP: 1/50 [centaur warrior (8)]
 12437 | D:10     | Slain by a centaur warrior

Illustrated notes

Levels and vault maps discovered:
D:1:      onia_arrival_mini_maze_b, layout_basic, serial_shops, shop,
          nicolae_shop_overgrown_old_shop, shop
D:2:      layout_rooms, ebering_ecumenical_altar_rust, serial_shops,
          nicolae_shop_stone, kennysheep_generic_room_5, uniq_natasha,
          uniq_jessica
D:3:      layout_rooms, gammafunk_temple_overflow_wave,
          cheibrodos_sewer_entry_bend
D:4:      layout_loops_ring, serial_shops, nicolae_shop_real_fake_doors,
          nicolae_shop_bloodbath_and_beyond, gammafunk_ghost_grave,
          nicolae_shop_i_like_big_books, uniq_ijyb
D:5:      layout_basic, makhleb_altar_promises_db
D:6:      layout_rooms, nicolae_tso_besieged_by_evil,
          nicolae_overflow_hidden_temple, temple_hall, supply_closet_lemuel,
          abandoned_shop, uniq_crazy_yiuf_cottage
D:7:      layout_basic, nicolae_overflow_squiral, serial_shops, shop,
          nicolae_concentric_dashed_squares_wild
D:8:      layout_loops_corners
D:9:      lemuel_insect_pit, layout_small_grid, orc_0_dummy, enter_bailey_3
D:10:     layout_basic, lair_entry_dummy, serial_corexii_hall,
          corexii_hall_statues_i, chequers_hall_statues_wall_a
Temple:   hellmonk_temple_divided_pantheon

Skill      XL: |  1  2  3  4  5  6  7  8  9 10 |
---------------+-------------------------------+-----
Spellcasting   | 4 5 6 7 8 9 11 12 | 12.7
Conjurations   | 2 3 4 6 7 8 10 | 10.2
Fire Magic     | 4 5 6 7 8 |  8.0
Stealth        | 3 5 |  5.0
Translocations | 2 3 |  3.0
Dodging        | 4 5 6 |  6.8

Action                     |  1- 3 |  4- 6 |  7- 9 | 10-12 || total
---------------------------+-------+-------+-------+-------++-------
  Melee: Unarmed           |     3 |       |       |       ||     3
         Short sword       |    11 |    23 |    15 |       ||    49
   Cast: Foxfire           |    63 |   109 |   254 |    61 ||   487
         Scorch            |     5 |    48 |    54 |    10 ||   117
         Flame Wave        |       |       |    10 |     9 ||    19
         Iskenderun's Myst |       |       |     4 |     8 ||    12
         Sticky Flame      |       |       |     3 |     2 ||     5
         Volatile Blastmot |       |       |     2 |     5 ||     7
  Evoke: Wand              |       |       |       |     6 ||     6
    Use: Scroll            |     4 |     9 |     5 |     2 ||    20
         Potion            |       |     1 |       |       ||     1
 Armour: Robe              |     8 |    29 |    60 |       ||    97
         Steam dragon scal |       |       |     3 |    23 ||    26
  Dodge: Dodged            |    14 |    47 |    65 |    24 ||   150
         Repelled          |       |       |       |     1 ||     1

Table legend: (Time is in decaauts)
 A = Elapsed time spent in this place.
 B = Non-inter-level travel time spent in this place.
 C = Inter-level travel time spent in this place.
 D = Time resting spent in this place.
 E = Time spent auto-exploring this place.
 F = Levels seen in this place.
 G = Mean time per level.
                   A        B        C        D        E       F      G
               +--------+--------+--------+--------+--------+-----+--------+
         Total |  12476 |  11962 |    514 |   2626 |   7168 |  13 |  959.7 |
       Dungeon |  11326 |  10830 |    496 |   2287 |   6705 |  10 | 1132.6 |
        Temple |     37 |     19 |     18 |      0 |      0 |   1 |   37.0 |
         Sewer |    308 |    308 |      0 |      0 |    225 |   1 |  308.0 |
        Bailey |    804 |    804 |      0 |    339 |    237 |   1 |  804.0 |
               +--------+--------+--------+--------+--------+-----+--------+

Top non-repeatable levels by time:
     D:1: 1616 daAuts
     D:5: 1515 daAuts
     D:9: 1505 daAuts
     D:6: 1297 daAuts
     D:8: 1284 daAuts
     D:7: 1143 daAuts
     D:4: 1068 daAuts
     D:2: 950 daAuts
  Bailey: 804 daAuts
     D:3: 635 daAuts
    D:10: 308 daAuts
   Sewer: 308 daAuts
  Temple: 37 daAuts
